 Dungeon Crawl Stone Soup version 0.26-a0-1025-g006ef2cfcc (webtiles) character file.

Game seed: 9117346388090680371

383 Kraken2834 the Slinger (level 7, -2/47 HPs)
             Began as a Halfling Hunter on Dec 9, 2020.
             Slain by an orc
             ... wielding a +0 morningstar
              (11 damage)
             ... on level 3 of the Dungeon.
             The game lasted 00:07:37 (2160 turns).

Kraken2834 the Slinger (Halfling Hunter)            Turns: 2160, Time: 00:07:37

Health: -2/47      AC:  3    Str: 13    XL:     7   Next: 5%
Magic:  7/7        EV: 14    Int:  9    God:
Gold:   73         SH:  0    Dex: 17    Spells: 6/6 levels left

rFire    . . .     SeeInvis .   b - +0 short sword
rCold    . . .     Faith    .   (shield restricted)
rNeg     . . .     Spirit   .   c - +0 leather armour
rPois    .         Reflect  .   (helmet restricted)
rElec    .         Harm     .   (no cloak)
rCorr    .         Rampage  .   (no gloves)
Will     .....                  (no boots)
Stlth    ++........             (no amulet)
HPRegen  0.15/turn              (no ring)
MPRegen  0.10/turn              (no ring)

@: no status effects
A: small, antennae 1, mutation resistance 1
a: no special abilities


You were on level 3 of the Dungeon.
You visited 1 branch of the dungeon, and saw 3 of its levels.

You collected 73 gold pieces.

Inventory:

Hand Weapons
 a - a +1 hunting sling
 b - a +0 short sword (weapon)
Missiles
 d - 21 sling bullets
 e - 63 stones (quivered)
Armour
 c - a +0 leather armour (worn)
Scrolls
 g - a scroll of amnesia {unknown}
 i - 3 scrolls of identify {unknown}
 k - a scroll of remove curse {unknown}
 l - a scroll of enchant weapon {unknown}
 m - a scroll of blinking {unknown}
Potions
 f - a potion of brilliance {unknown}


   Skills:
 * Level 3.8 Fighting
 + Level 9.8 Slings
 - Level 2.2 Dodging
 - Level 1.1 Stealth


You had 6 spell levels left.
You didn't know any spells.
Your spell library was empty.

Dungeon Overview and Level Annotations

Branches:
Dungeon (3/15)

Altars:
Dithmenos
Sif Muna
Trog


Innate Abilities, Weirdness & Mutations

You are small and have problems with some larger weapons.
You are somewhat resistant to further mutation.
You have a pair of small antennae on your head.


Message History

You hit the orc but do no damage.
The orc is heavily wounded.
The orc hits you with a +0 morningstar!
* * * LOW HITPOINT WARNING * * *
You barely miss the orc.
The orc is heavily wounded.
The orc closely misses you.
You barely miss the orc.
The orc is heavily wounded.
The orc completely misses you.
You barely miss the orc.
The orc is heavily wounded.
The orc barely misses you.
You closely miss the orc.
The orc is moderately wounded.
The orc barely misses you.
You hit the orc but do no damage.
The orc is moderately wounded.
The orc hits you with a +0 morningstar!
You die...

##### ....#
########### ###.#
#..... ...# ##
###.###..#####..# #.#
............##..##.#
###.#.....#.##..#o###
###.##...##.....@)..#
....###..#####..#.#.#
##### #.........##..
#..######.# #.#
#.........# .#
#..§###..####..# ###
#..§≈§≈≈§.§§§≈≈#
..##...§≈####§####≈#
#.#.....##≈≈≈.≈≈≈##


You could see an orc.

Vanquished Creatures
  Sigmund (D:2)
  A sky beast (D:2)
  2 orc wizards
  2 adders (D:2)
  2 worms (D:2)
  3 dart slugs (D:2)
  2 leopard geckos (D:2)
  3 orcs (D:2)
  5 bats
  2 giant cockroaches
  7 goblins
  9 hobgoblins
  5 kobolds
  A ball python (D:3)
  2 frilled lizards
  3 rats
50 creatures vanquished.

Notes
Turn   | Place    | Note
-------+----------+-------------------------------------------
     0 | D:1      | Kraken2834 the Halfling Hunter began the quest for the Orb.
     0 | D:1      | Reached XP level 1. HP: 14/14 MP: 1/1
    44 | D:1      | Reached skill level 6 in Slings
   123 | D:1      | Reached XP level 2. HP: 19/19 MP: 2/2
   595 | D:2      | Reached skill level 7 in Slings
   595 | D:2      | Reached XP level 3. HP: 24/24 MP: 3/3
   647 | D:2      | Reached XP level 4. HP: 30/30 MP: 4/4
   692 | D:2      | Noticed a sky beast
   700 | D:2      | Killed a sky beast
   701 | D:2      | Reached skill level 8 in Slings
   701 | D:2      | Reached XP level 5. HP: 28/36 MP: 5/5
   983 | D:2      | Reached XP level 6. HP: 42/42 MP: 6/6
  1028 | D:2      | Found a shadowy altar of Dithmenos.
  1342 | D:2      | Noticed Sigmund
  1376 | D:2      | Gained mutation: You have a pair of small antennae on your
                  | head. [potion of mutation]
  1389 | D:2      | Killed Sigmund
  1390 | D:2      | Reached skill level 9 in Slings
  1911 | D:3      | Reached XP level 7. HP: 47/47 MP: 7/7
  1919 | D:3      | Found a shimmering blue altar of Sif Muna.
  2087 | D:3      | Found a faded altar of an unknown god.
  2129 | D:3      | Found a bloodstained altar of Trog.
  2160 | D:3      | Slain by an orc

Illustrated notes

Levels and vault maps discovered:
D:1:      wander_arrival_chamber, layout_rooms
D:2:      layout_loops_corners, grunt_dithmenos_smoke, uniq_sigmund
D:3:      layout_loops_corners, lightli_temple_of_fire,
          chequers_ecumenical_altar_simple, tgw_sif

Skill      XL: |  1  2  3  4  5  6 |
---------------+-------------------+-----
Slings         | 6 7 8 9 |  9.8
Fighting       | 2 3 |  3.8
Dodging        | |  2.2
Stealth        | |  1.1

Action                   |  1- 3 |  4- 6 |  7- 9 || total
-------------------------+-------+-------+-------++-------
Melee: Short sword       |       |    50 |    28 ||    78
 Fire: Hunting sling     |    69 |    59 |       ||   128
  Use: Potion            |       |     3 |       ||     3
 Stab: Sleeping          |       |     3 |     1 ||     4
Armor: Leather armour    |     1 |    11 |     2 ||    14
       Skin              |       |     9 |       ||     9
Dodge: Dodged            |    11 |    38 |    22 ||    71

Table legend: (Time is in decaauts)
 A = Elapsed time spent in this place.
 B = Non-inter-level travel time spent in this place.
 C = Inter-level travel time spent in this place.
 D = Time resting spent in this place.
 E = Time spent auto-exploring this place.
 F = Levels seen in this place.
 G = Mean time per level.
                   A        B        C        D        E       F      G
               +--------+--------+--------+--------+--------+-----+--------+
         Total |   2144 |   2089 |     55 |    221 |   1511 |   3 |  714.7 |
       Dungeon |   2144 |   2089 |     55 |    221 |   1511 |   3 |  714.7 |
               +--------+--------+--------+--------+--------+-----+--------+

Top non-repeatable levels by time:
     D:2: 1313 daAuts
     D:1: 490 daAuts
     D:3: 341 daAuts
